 Dungeon Crawl Stone Soup version 0.32-a0-450-g080537f31e (webtiles) character file.

Game seed: 8948162981210791795

47 CougarLife the Digger (level 3, 0/19 HPs)
             Began as a Gargoyle Earth Elementalist on Feb 24, 2024.
             Slain by a jackal (1 damage)
             ... on level 2 of the Dungeon.
             The game lasted 00:01:04 (843 turns).

CougarLife the Digger (Gargoyle Earth Elementalist)  Turns: 843, Time: 00:01:05

Health: 0/19       AC:  5    Str: 11    XL:     3   Next: 70%
Magic:  1/7        EV: 11    Int: 17    God:
Gold:   26         SH:  0    Dex: 10    Spells: 6/7 levels left

rFire   . . .        d - +0 dagger
rCold   . . .        (no shield)
rNeg    + . .        a - +0 robe
rPois   ∞            (no helmet)
rElec   +            (no cloak)
rCorr   .            (no gloves)
SInv    .            (no boots)
Will    .....        (no amulet)
Stlth   ++           (no ring)
HPRegen 0.23/turn    (no ring)
MPRegen 0.10/turn

%: no passive effects
@: very slightly contaminated
A: sickness immunity, AC +3, negative energy resistance 1, electricity
resistance, torment resistance 1, petrification resistance
a: no special abilities


You were on level 2 of the Dungeon.
You visited 1 branch of the dungeon, and saw 2 of its levels.

You collected 26 gold pieces.

Inventory:

Hand Weapons
 d - a +0 dagger (weapon)
Armour
 a - a +0 robe (worn)
Scrolls
 c - a scroll of vulnerability {unknown}
 e - a scroll of fear {unknown}
Potions
 b - a potion of magic


   Skills:
 - Level 1.5 Dodging
 - Level 2.1 Stealth
 + Level 2.7 Spellcasting
 + Level 2.2 Conjurations
 + Level 4.3 Earth Magic


You had 6 spell levels left.
You knew the following spells:

 Your Spells              Type           Power      Damage    Failure   Level
a - Sandblast             Erth           34%        2d9       3%          1

Your spell library contained the following spells:

 Spells                   Type           Power      Damage    Failure   Level
 Passwall                 Erth           17%        N/A       9%          3
 Stone Arrow              Conj/Erth      26%        3d8       14%         3
 Mercury Vapours          Alch/Air       4%         N/A       26%         2
 Mephitic Cloud           Conj/Alch/Air  4%         N/A       36%         3
 Brom's Barrelling Bould  Conj/Erth      13%        2d4       43%         4
 Petrify                  Alch/Erth      9%         N/A       58%         4
 Freezing Cloud           Conj/Ice/Air   2%         6-21      98%         5


Dungeon Overview and Level Annotations

Branches:
Dungeon (2/15)

Altars:


Innate Abilities, Weirdness & Mutations

You are immune to sickness and miasma.
Your stone body is resilient. (AC +3)
You are immune to poison.
You resist negative energy. (rN+)
You are resistant to electric shocks. (rElec)
You are resistant to unholy torment.
You are immune to petrification.


Message History

There is a stone staircase leading up here.
The blast of sand hits the adder.
The adder is lightly wounded.
The ball python hisses angrily.
A jackal comes into view.
The adder bites you but does no damage.
A jackal comes into view.
The adder closely misses you.
The ribbon worm expels a string of sticky webbing.
The stream of webbing hits you but does no damage.
You are caught in a web!
You miscast Sandblast.
You are very lightly contaminated with residual magic.
Nothing appears to happen.
The jackal barks!
The adder bites you. The adder bites you but does no damage.
The ball python closely misses you. The ball python grabs you.
The ball python constricts you.
The blast of sand hits the ball python.
You kill the ball python!
The adder bites you.
A jackal comes into view.
The ribbon worm bites you but does no damage.
The adder misses you. The quokka closely misses you.
The ribbon worm barely misses you.
The blast of sand hits the adder.
The adder is severely wounded.
The jackal barks!
The adder barely misses you. The adder completely misses you.
The quokka bites you. The ribbon worm bites you.
The blast of sand hits the adder!
You kill the adder!
The jackal pauses to sniff the ground.
The jackal bites you but does no damage.
The quokka bites you. The jackal bites you.
The jackal bites you but does no damage.
The quokka barely misses you. The ribbon worm bites you!
* * * LOW HITPOINT WARNING * * *
The jackal bites you.
You die...

# .. # #.#.#
#####.#
#.....#.<...#
......h@.#
.##...rhw#
#.....h...
............#
##..[....#..#
#............
#.####.##
.#.. #. #.#
.#.#


You could see a ribbon worm, a quokka and 3 jackals.

Vanquished Creatures
  A gnoll (D:1)
  An adder (D:2)
  5 ball pythons
  3 endoplasms (D:1)
  3 giant cockroaches (D:1)
  2 goblins (D:1)
  2 hobgoblins (D:1)
  A quokka (D:1)
  3 bats (D:1)
  2 frilled lizards (D:1)
  2 kobolds (D:1)
  3 rats (D:1)
28 creatures vanquished.

Notes
Turn   | Place    | Note
-------+----------+-------------------------------------------
     0 | D:1      | CougarLife the Gargoyle Earth Elementalist began the quest
                  | for the Orb.
     0 | D:1      | Reached XP level 1. HP: 10/10 MP: 3/3
   131 | D:1      | Reached XP level 2. HP: 15/15 MP: 3/5
   309 | D:1      | Reached skill level 4 in Earth Magic
   522 | D:1      | Reached XP level 3. HP: 2/19 MP: 1/6
   843 | D:2      | Slain by a jackal

Illustrated notes

Levels and vault maps discovered:
D:1:      eino_arrival_cavern_d, layout_basic
D:2:      layout_loops_ring, serial_shops, nicolae_square_shop,
          basic_ecumenical_altar, uniq_terence

Skill      XL: |  1  2 |
---------------+-------+-----
Earth Magic    | 4 |  4.3
Conjurations   | 2 |  2.2
Dodging        | |  1.5
Stealth        | |  2.1
Spellcasting   | |  2.7

Action                     || total
---------------------------++-------
  Melee: Unarmed           ||    22
         Dagger            ||    17
   Cast: Sandblast         ||    33
 Armour: Robe              ||    45
  Dodge: Dodged            ||    47

Table legend: (Time is in decaauts)
 A = Elapsed time spent in this place.
 B = Non-inter-level travel time spent in this place.
 C = Inter-level travel time spent in this place.
 D = Time resting spent in this place.
 E = Time spent auto-exploring this place.
 F = Levels seen in this place.
 G = Mean time per level.
                   A        B        C        D        E       F      G
               +--------+--------+--------+--------+--------+-----+--------+
         Total |    859 |    846 |     13 |     93 |    586 |   2 |  429.5 |
       Dungeon |    859 |    846 |     13 |     93 |    586 |   2 |  429.5 |
               +--------+--------+--------+--------+--------+-----+--------+

Top non-repeatable levels by time:
     D:1: 848 daAuts
     D:2: 11 daAuts
